[Event "Early-Titled-Tuesday-Blitz-September-12-2023"]
[Site "Chess.com"]
[Date "2023.09.12"]
[Round "4"]
[White "Superfelix"]
[Black "twofoxniel"]
[Result "1-0"]
[WhiteElo "2459"]
[BlackElo "2632"]
[TimeControl "180+1"]
[EndTime "8:39:04 PDT"]
[Termination "Superfelix won by resignation"]

1. e4 d5 2. exd5 Nf6 3. d4 Bg4 4. Be2 Bxe2 5. Nxe2 Qxd5 6. O-O Nc6 7. c3 O-O-O 8. Nf4 Qf5 9. Qd3 g6 10. Qxf5+ gxf5 11. Nd2 Rg8 12. Nf3 e6 13. Nd3 Ne4 14. Re1 Bd6 15. Bf4 Bxf4 16. Nxf4 Rg4 17. Nd3 Rdg8 18.
g3 h5 19. Kf1 b6 20. a4 Kb7 21. Nde5 Nxe5 22. Nxe5 R4g7 23. a5 h4 24. a6+ Ka8 25. Ra4 hxg3 26. hxg3 Rh8 27. Kg2 Rgh7 28. Nf3 Kb8 29.
Rc4 f6 30. Rc6 Re7 31. d5 exd5 32. Rxf6 Rhe8 33. Rxf5 c6 34. Nd4 Kc7 35. Rh5 c5 36. Nf5 Re5 37. Rh7+ Kc6 38. Nh4 Kb5 39. Rxa7 d4 40.
cxd4 cxd4 41. Nf3 Rd5 42. Nd2 Rde5 43. Nxe4 Rxe4 44. Rxe4 Rxe4 45. Ra8 Re7 46. Rd8 Kc4 47.
Rb8 d3 48. Rb7 Re8 49. a7 d2 50. Rd7 Ra8 51. Rxd2 Rxa7 52. g4 Kb4 53. Kg3 Kb3 54.
f4 b5 55. g5 b4 56. f5 Ra2 57. g6 Ra6 58. Kg4 Ka2 59. Kg5 1-0

[Event "Early-Titled-Tuesday-Blitz-September-12-2023"]
[Site "Chess.com"]
[Date "2023.09.12"]
[Round "4"]
[White "Vision_64"]
[Black "Triumphmate"]
[Result "1-0"]
[WhiteElo "2355"]
[BlackElo "2506"]
[TimeControl "180+1"]
[EndTime "8:39:05 PDT"]
[Termination "Vision_64 won on time"]

1. e4 d5 2. exd5 Nf6 3. Bb5+ c6 4. dxc6 Nxc6 5. Nf3 Bg4 6. O-O e6 7. d4 Be7 8. c3 O-O 9. h3 Bh5 10. Bf4 a6 11. Be2 b5 12. Nbd2 b4 13. Ne5 Bxe2 14. Qxe2 Qc8 15. Ndf3 Nd5 16. Bd2 a5 17. Nxc6 Qxc6 18. c4 Nf6 19. Ne5 Qa6 20. Rac1 Rfd8 21. Be3 a4 22. Qf3 Rac8 23. Rfd1 b3 24. axb3 axb3 25.
Ra1 Qd6 26. Bf4 Qb6 27. Be3 h6 28. Ra4 Bd6 29. c5 Qb5 30. Ra7 Bxe5 31. dxe5 Rxd1+ 32. Qxd1 Nd5 33. Qf3 Rc7 34. Rxc7 Nxc7 35. Qe4 Nd5 36. Bd4 Qc4 37. f3 Qc2 38. Kh2 g6 39. Qe1 Qc4 40.
Qe4 Qc2 41. Qe1 Nf4 42. Qg1 Ne2 43. Qf2 Nf4 44. Be3 Nd3 45. Qg3 1-0

[Event "Early-Titled-Tuesday-Blitz-September-12-2023"]
[Site "Chess.com"]
[Date "2023.09.12"]
[Round "4"]
[White "profedechess93"]
[Black "DTChess"]
[Result "0-1"]
[WhiteElo "2662"]
[BlackElo "2500"]
[TimeControl "180+1"]
[EndTime "8:39:06 PDT"]
[Termination "DTChess won by checkmate"]

1. e4 e5 2. Nf3 Nc6 3. Bc4 Nf6 4. d3 Bc5 5. c3 d6 6. Bb3 Bb6 7. Qe2 h6 8. Nbd2 Be6 9. Ba4 Bd7 10. Nf1 Ne7 11. Bb3 Ng6 12. Ng3 Be6 13. h3 Qd7 14. d4 Bxb3 15. axb3 exd4 16. cxd4 O-O 17. O-O Rfe8 18. Qd3 a6 19. Re1 Qb5 20. Qc2 Rad8 21. Bd2 Nh5 22. Nf5 Nhf4 23. Kh2 Nd3 24. Re3 Nb4 25.
Qb1 Nc6 26. Bc3 Nce7 27. g4 c5 28. d5 f6 29. Qg1 c4 30. bxc4 Qxc4 31. Ree1 Ne5 32.
Nxe5 dxe5 33. Qg3 Ng6 34. Rac1 Qb5 35. Bd2 Qxb2 36. Rcd1 Nf4 37. Rf1 Ne2 38. Qh4 Nf4 39. Nxh6+ gxh6 40. Qxf6 Rf8 41. Qxh6 Rd7 42. Bxf4 exf4 43.
Qe6+ Rdf7 44. e5 f3 45. Qg6+ Rg7 46. Qe6+ Kh7 47. Kg3 Qb4 48. Kh4 Qf4 49. d6 Bd8+ 50.
Kh5 Qg5# 0-1

[Event "Early-Titled-Tuesday-Blitz-September-12-2023"]
[Site "Chess.com"]
[Date "2023.09.12"]
[Round "4"]
[White "crazy_but_lazy"]
[Black "ajedrezhoy"]
[Result "1-0"]
[WhiteElo "2628"]
[BlackElo "2414"]
[TimeControl "180+1"]
[EndTime "8:39:06 PDT"]
[Termination "crazy_but_lazy won on time"]

1. Nf3 Nf6 2. e3 b6 3. c4 Bb7 4. b3 g6 5. Bb2 Bg7 6. Nc3 O-O 7.
Qc2 c5 8. Be2 Nc6 9. O-O d5 10.
cxd5 Nb4 11. Qb1 Nbxd5 12. Nxd5 Bxd5 13. Rd1 Qc8 14. Be5 Qb7 15. Qb2 Nh5 16. Bxg7 Nxg7 17. Rac1 Rac8 18. Qe5 Ne6 19. h4 Rfd8 20. h5 Qc7 21.
hxg6 hxg6 22. Qxc7 Rxc7 23. Bc4 Bxc4 24. Rxc4 Rcd7 25.
Kf1 f6 26. Ke2 Kf7 27. Rh1 Kg7 28. Rch4 Nf8 29. g4 g5 30. Rh6 e5 31. d4 cxd4 32. exd4 e4 33. Nd2 Rxd4 34. Nc4 Kf7 35. Rh8 Ke6 36. Rc1 Ng6 37. Rh7 R8d7 38. Rxd7 Rxd7 39. Ke3 b5 40. Na5 Rd3+ 41. Kxe4 Rd2 42. Rc6+ Ke7 43. Rc7+ Ke6 44. Rxa7 Rxa2 45. Nc6 Rxf2 46. Nd4+ Kd6 47.
Nxb5+ Kc5 48. Nc7 Rf4+ 49. Ke3 Rxg4 50. Ne8 Rf4 51. Rf7 Ne5 52. Rc7+ Kb4 53. Rb7+ Kc3 54. Nd6 Rb4 55. Ne4+ Kxb3 56. Nc5+ 1-0

[Event "Early-Titled-Tuesday-Blitz-September-12-2023"]
[Site "Chess.com"]
[Date "2023.09.12"]
[Round "4"]
[White "infinitegiantkiller"]
[Black "sqmorr"]
[Result "1-0"]
[WhiteElo "2498"]
[BlackElo "2249"]
[TimeControl "180+1"]
[EndTime "8:39:07 PDT"]
[Termination "infinitegiantkiller won on time"]

1. Nf3 c5 2. g3 Nc6 3. Bg2 g6 4. O-O Bg7 5. c3 Nf6 6. d4 cxd4 7. cxd4 d5 8. Nc3 O-O 9. Bf4 Ne4 10. Ne5 Nxc3 11.
bxc3 Be6 12. Rb1 Qc8 13. Qb3 Nxe5 14. Bxe5 Bxe5 15. dxe5 b6 16. Qb5 Qc7 17. Bxd5 Qxe5 18. c4 Rac8 19. e3 Rc7 20. Rfd1 Rfc8 21. Rd4 Bxd5 22.
Qxd5 Qxd5 23. cxd5 Kg7 24. Rb2 Rc2 25. Rxc2 Rxc2 26.
a4 Ra2 27. h4 f5 28. Kg2 Kf7 29. Kf3 Kf6 30. e4 fxe4+ 31. Rxe4 Rd2 32. Rf4+ Kg7 33.
Ke4 Re2+ 34. Kd4 Rd2+ 35. Ke5 Re2+ 36. Kd4 Rd2+ 37. Kc4 Rc2+ 38. Kd3 Rc5 39. Kd4 Ra5 40. Ke5 Rc5 41. Ke6 Kg8 42. Rd4 Kf8 43. Rf4+ Ke8 44.
Rf7 Kd8 45. Rxh7 Ra5 46. Rh8+ Kc7 47. Re8 Rxa4 48. Rxe7+ Kd8 49. Rb7 Re4+ 50. Kd6 Ke8 51. Rxa7 b5 52. Rb7 b4 53. Kc6 Kd8 54. d6 Rc4+ 55. Kd5 Rg4 56. Kc6 Rc4+ 57. Kb5 Rd4 58.
Kc5 Rg4 59. Rxb4 1-0

[Event "Early-Titled-Tuesday-Blitz-September-12-2023"]
[Site "Chess.com"]
[Date "2023.09.12"]
[Round "4"]
[White "ShahMatKanal"]
[Black "Let_it_be_1"]
[Result "1/2-1/2"]
[WhiteElo "2509"]
[BlackElo "2671"]
[TimeControl "180+1"]
[EndTime "8:39:08 PDT"]
[Termination "Game drawn - insufficient material"]

1. d4 d5 2. c4 e6 3. cxd5 exd5 4. Nc3 c6 5. Bf4 Bf5 6. e3 Nf6 7. Bd3 Bxd3 8. Qxd3 Nbd7 9. Nf3 Be7 10. O-O O-O 11. Rab1 a5 12. Qc2 Re8 13. Bg5 Ne4 14.
Bxe7 Qxe7 15. Nxe4 Qxe4 16. Qxe4 dxe4 17. Nd2 Nb6 18.
Rfc1 a4 19. Nc4 Nd5 20. a3 Re7 21. Kf1 f6 22. Ke2 Kf7 23. Nd6+ Kf8 24. Nc4 Ke8 25. Rc2 Kd7 26. Rbc1 Re6 27. Nd2 b5 28. Nb1 Rb8 29.
Nc3 Nxc3+ 30. bxc3 Rd6 31. Rb2 Kc7 32. c4 Kd7 33. c5 Rd5 34. Rb4 f5 35. g3 g5 36. Rcb1 Rf8 37. Rh1 f4 38. g4 fxe3 39. fxe3 Ke6 40. h4 Rf7 41. hxg5 Rxg5 42. Rh6+ Rg6 43.
Rh5 Rgf6 44. d5+ cxd5 45. Rxb5 Rf2+ 46. Kd1 Ra2 47. Rb6+ Ke7 48. Rb7+ Kf8 49. Rxf7+ Kxf7 50. Rxh7+ Kg6 51. Rd7 Rxa3 52. Rxd5 Rxe3 53. Rd4 Rc3 54. Rxa4 Rxc5 55. Rxe4 Kg5 56. Ke2 Rc3 57. Kd2 Ra3 58. Rc4 Rg3 59. Ke2 Rxg4 60. Rxg4+ Kxg4 1/2-1/2

[Event "Early-Titled-Tuesday-Blitz-September-12-2023"]
[Site "Chess.com"]
[Date "2023.09.12"]
[Round "4"]
[White "MartinMatthiesen"]
[Black "UmarovSabir"]
[Result "1-0"]
[WhiteElo "2525"]
[BlackElo "2317"]
[TimeControl "180+1"]
[EndTime "8:39:08 PDT"]
[Termination "MartinMatthiesen won on time"]

1. d4 g6 2. e4 Bg7 3. Nf3 c6 4. Nc3 d5 5. h3 Nf6 6. e5 Nfd7 7. h4 f6 8. h5 fxe5 9. dxe5 Nxe5 10. Nxe5 Bxe5 11. hxg6 hxg6 12. Rxh8+ Bxh8 13. Bd3 Qd6 14. Qe2 Nd7 15. Bg5 Ne5 16. O-O-O Nxd3+ 17. Rxd3 Bf5 18. Re3 e5 19. Bf4 O-O-O 20. Bxe5 Bxe5 21. Rxe5 Rh8 22. Re8+ Rxe8 23. Qxe8+ Kc7 24. Ne2 Qc5 25. c3 Qxf2 26. Qe7+ Bd7 27. Qe5+ Kb6 28. g3 Bf5 29. Kd2 a5 30. a3 a4 31. Qe7 Qc5 32. Qe5 Qb5 33.
Kc1 Qb3 34. Nd4 Qc4 35. Nxf5 gxf5 36. Qxf5 Qe2 37. Qf4 Ka6 38. g4 Qe1+ 39. Kc2 Qe2+ 40. Kc1 Qe1+ 41. Kc2 Qe2+ 42. Kb1 Qe1+ 43. Ka2 Qg1 44.
Qxa4+ Kb6 45. Qd4+ Qxd4 46. cxd4 Kb5 47. g5 c5 48. g6 1-0

[Event "Early-Titled-Tuesday-Blitz-September-12-2023"]
[Site "Chess.com"]
[Date "2023.09.12"]
[Round "4"]
[White "maurovargas01"]
[Black "verrbaa"]
[Result "0-1"]
[WhiteElo "1867"]
[BlackElo "2440"]
[TimeControl "180+1"]
[EndTime "8:39:08 PDT"]
[Termination "verrbaa won on time"]

1. e4 c5 2. Nc3 Nc6 3. f4 e6 4.
Nf3 a6 5. d3 d5 6. e5 b5 7. g4 Bb7 8. Bg2 h5 9. g5 g6 10. Nh4 Nge7 11. O-O Bg7 12. Ne2 Qc7 13. c3 Rd8 14. Qe1 Nf5 15. Nxf5 exf5 16. h4 d4 17. Qg3 O-O 18. Bd2 Ne7 19. Rad1 Bxg2 20. Kxg2 dxc3 21. bxc3 Qc6+ 22. Kh2 Rd7 23. Be3 Rfd8 24.
Bf2 Bf8 25. Rd2 Nc8 26. Rfd1 Nb6 27. Qg1 Na4 28. d4 b4 29. cxb4 cxb4 30. Rc1 Nc3 31.
Nxc3 bxc3 32. Rdc2 Bb4 33. Qf1 Qe4 34. Bg1 Rxd4 35.
Bxd4 Rxd4 36. Qf2 Rd2 37. Rxd2 cxd2 38. Rd1 Qc2 39. Qe2 Qxa2 40. Qd3 Kg7 41. Qd8 Qe6 42. Qf6+ Qxf6 43. gxf6+ Kf8 44. Kg3 a5 45. Kf3 a4 46.
Ke2 a3 47. Ra1 Ke8 48. Kd1 Kd7 49. Ra2 Kc6 50. Kc2 Kd5 0-1

[Event "Early-Titled-Tuesday-Blitz-September-12-2023"]
[Site "Chess.com"]
[Date "2023.09.12"]
[Round "4"]
[White "Quattroporte300"]
[Black "HamedWafa4"]
[Result "1-0"]
[WhiteElo "2405"]
[BlackElo "2548"]
[TimeControl "180+1"]
[EndTime "8:39:09 PDT"]
[Termination "Quattroporte300 won by checkmate"]

1. e4 c5 2. Nf3 d6 3. d4 cxd4 4. Nxd4 Nf6 5. Nc3 g6 6. g3 Nc6 7.
Bg2 Nxd4 8. Qxd4 Bg7 9. O-O O-O 10. Bg5 a6 11. Qd2 Bd7 12. Rad1 Bc6 13. Rfe1 Re8 14. h3 Qa5 15. Qe3 Nd7 16. Bh6 Bh8 17. Qd2 Nb6 18.
Bf1 Rac8 19. Re3 Bd7 20. Kh2 Nc4 21. Bxc4 Rxc4 22. Nd5 Qxd2 23. Rxd2 Bc6 24. b3 Rc5 25. c4 Ra5 26. Red3 f6 27. Be3 Kf7 28. Bb6 Ra3 29. f3 Rc8 30. Nb4 Bd7 31. Nd5 f5 32. exf5 Bxf5 33.
Re3 Re8 34. Nc7 Rc8 35. Nd5 e6 36. Nf4 Be5 37. Ne2 Rc6 38. Bd4 Bxd4 39. Nxd4 Rb6 40.
g4 Bb1 41. Nxe6 Rxa2 42. Rxa2 Bxa2 43. Nd4 a5 44. g5 a4 45. bxa4 Bxc4 46. Rc3 Rb2+ 47.
Kg3 d5 48. f4 Ra2 49. Nf3 Rxa4 50. Ne5+ Ke6 51. h4 Kf5 52. Nf3 b5 53. Re3 Ra2 54.
Re5# 1-0

[Event "Early-Titled-Tuesday-Blitz-September-12-2023"]
[Site "Chess.com"]
[Date "2023.09.12"]
[Round "4"]
[White "fen_fire"]
[Black "JiiHart"]
[Result "1-0"]
[WhiteElo "2462"]
[BlackElo "2131"]
[TimeControl "180+1"]
[EndTime "8:39:11 PDT"]
[Termination "fen_fire won by resignation"]

1. Nf3 Nf6 2. d3 d6 3. c3 g6 4. Nbd2 Bg7 5. e4 e5 6. Be2 O-O 7. O-O Re8 8. Re1 c5 9. Bf1 Nc6 10. Nc4 d5 11. exd5 Nxd5 12. a4 Bf5 13. h3 Nf4 14. Bxf4 exf4 15. Rxe8+ Qxe8 16. Qd2 Rd8 17. Qxf4 Bxd3 18. Bxd3 Rxd3 19. Re1 Qd7 20. Qe4 Rd1 21. a5 Rxe1+ 22. Qxe1 h6 23. Qe4 Kh7 24. h4 Qc7 25.
h5 Nxa5 26. Nxa5 Qxa5 27. Qxb7 Qa2 28. g3 a5 29. Kg2 a4 30. Qb5 Qb3 31. Qxb3 axb3 32.
hxg6+ Kxg6 33. Nd2 Kf5 34. Nxb3 Bf8 35. Kf3 Ke5 36. c4 h5 37. Ke3 Bh6+ 38. f4+ Kd6 39. Nd2 Bg7 40. b3 Bd4+ 41. Kd3 f5 42. Ke2 Ke6 43.
Nf3 Bf6 44. Kd3 Kd6 45. Nd2 Ke6 46. Nf1 h4 47. gxh4 Bxh4 48. Nd2 Bg3 49. Ke3 Bh4 50. Nb1 Bf6 51. Na3 Bd4+ 52. Kf3 Kd6 53. Nb5+ Ke6 54. Nxd4+ cxd4 55. b4 Kd6 56. Ke2 1-0

[Event "Early-Titled-Tuesday-Blitz-September-12-2023"]
[Site "Chess.com"]
[Date "2023.09.12"]
[Round "4"]
[White "Zhigalko_Sergei"]
[Black "Parhamov"]
[Result "0-1"]
[WhiteElo "2883"]
[BlackElo "3113"]
[TimeControl "180+1"]
[EndTime "8:39:12 PDT"]
[Termination "Parhamov won on time"]

1. e4 d6 2. d4 g6 3. Nc3 Bg7 4. Nf3 a6 5. Be3 Nd7 6. a4 b6 7. Bc4 e6 8. O-O Bb7 9. Re1 Ngf6 10. Bf4 O-O 11. Qd2 Re8 12. Bh6 c5 13. Bxg7 Kxg7 14. Rad1 Rc8 15. e5 Nh5 16. Be2 cxd4 17. Qxd4 Bxf3 18. Bxf3 d5 19. Bxh5 Rc4 20. Qe3 gxh5 21.
b3 Rg4 22. h3 Rg6 23. Ne2 Kh8 24. Nf4 Rg5 25. c4 dxc4 26. bxc4 Qe7 27. Nd3 Reg8 28.
g3 Rf5 29. Kg2 Nf8 30. Re2 Ng6 31. Kh2 Qa3 32. Rde1 Qxa4 33. Qxb6 Qxc4 34. Qe3 Qd5 35. Qe4 Qb5 36. Rd2 Ne7 37. Nf4 Ng6 38. Ng2 Qxe5 39. Qb1 Qf6 40. Nf4 Nxf4 41. gxf4 Rxf4 42. Qb2 Qxb2 43.
Rxb2 Rg6 44. Re5 Rgf6 45. Kg3 R4f5 46. Re4 a5 47. Ra2 Kg7 48. Rea4 Rf3+ 49. Kg2 R6f5 50. Rxa5 Rxf2+ 51. Rxf2 Rxa5 52. Kg3 Rf5 53. Kh4 Rxf2 0-1

[Event "Early-Titled-Tuesday-Blitz-September-12-2023"]
[Site "Chess.com"]
[Date "2023.09.12"]
[Round "4"]
[White "ChessQueen"]
[Black "Kaua18"]
[Result "1-0"]
[WhiteElo "2735"]
[BlackElo "2506"]
[TimeControl "180+1"]
[EndTime "8:39:13 PDT"]
[Termination "ChessQueen won on time"]

1. e4 c6 2. Nc3 d5 3. Nf3 Bg4 4. h3 Bxf3 5. Qxf3 e6 6. g3 Nd7 7. d4 dxe4 8. Nxe4 Ngf6 9. Bg2 Nxe4 10. Qxe4 Nf6 11. Qd3 Be7 12. O-O O-O 13. c4 e5 14.
Be3 exd4 15. Qxd4 Qxd4 16. Bxd4 Rfd8 17. Rfd1 Nd7 18. Be3 Ne5 19. b3 Bf6 20. Rab1 g6 21.
g4 Nd3 22. b4 Nb2 23. Rxd8+ Rxd8 24. b5 cxb5 25. cxb5 a6 26. b6 Rd7 27. Rc1 Bd8 28. Rc8 Kg7 29. Kh2 Na4 30. Bxb7 Rxb7 31. Rxd8 Nxb6 32.
Bd4+ f6 33. Rd6 Nd7 34. Rxa6 h6 35. Rd6 Kf7 36. Be3 g5 37. Ra6 Ne5 38. Ra7 Rxa7 39. Bxa7 Nc4 40. a4 Nd6 41. Kg2 Nb7 42. Bd4 Ke6 43.
Bc3 f5 44. a5 Nc5 45. Bg7 fxg4 46. hxg4 Kf7 47. Bxh6 Kg6 48. Bf8 Na6 49. Bd6 Kf6 50. f4 Ke6 51. Be5 gxf4 52. Bxf4 Kf6 53. Kf3 Nc5 54. Be3 Nd7 55. a6 Ne5+ 56. Ke4 Nxg4 57. a7 1-0

[Event "Early-Titled-Tuesday-Blitz-September-12-2023"]
[Site "Chess.com"]
[Date "2023.09.12"]
[Round "4"]
[White "lrestevez"]
[Black "Akylbek2021"]
[Result "1-0"]
[WhiteElo "2136"]
[BlackElo "2301"]
[TimeControl "180+1"]
[EndTime "8:39:13 PDT"]
[Termination "lrestevez won on time"]

1. e4 e6 2. d4 d5 3. Nc3 Bb4 4. Bd2 Nc6 5. exd5 exd5 6. Nge2 Nf6 7. a3 Be7 8. Be3 Ng4 9. Qd2 Nxe3 10. fxe3 Bf5 11.
O-O-O Qd7 12. Ng3 Bg6 13. Bd3 O-O-O 14. Rhf1 Bxd3 15. Qxd3 Bf6 16. Qf5 Rhe8 17. Rde1 Ne7 18. Qxd7+ Rxd7 19. Kd2 Ng6 20. Nh5 Bg5 21. Kd3 Bh6 22.
g3 c6 23. Rf3 f6 24. Nf4 Bxf4 25.
gxf4 Rde7 26. Rg1 Nh4 27. Rh3 Nf5 28. Nd1 h6 29. c3 g5 30. fxg5 fxg5 31. Rf1 Nh4 32. Rf6 h5 33. Rh6 Nf5 34. Rf6 Ng7 35. Rg3 g4 36. h3 Re4 37. hxg4 hxg4 38. Rg6 Nf5 39. R3xg4 Rxg4 40. Rxg4 Kd7 41. Rf4 Nd6 42. Rg4 Ne4 43. Rg7+ Kc8 44. Rf7 a5 45. Nf2 Nd6 46. Rf4 Rg8 47. Rf3 Re8 48. Rf4 a4 49.
e4 dxe4+ 50. Nxe4 Nxe4 51. Rxe4 Rg8 52. Re2 b5 53. Rh2 Rg3+ 54. Ke4 Kc7 55. Ke5 Rg5+ 56.
Ke4 Rg4+ 57. Kd3 Rg3+ 58. Kc2 Kd6 59. b3 axb3+ 60. Kxb3 Kd5 61. Rh5+ Ke4 62. Re5+ Kd3 63. Re6 1-0

[Event "Early-Titled-Tuesday-Blitz-September-12-2023"]
[Site "Chess.com"]
[Date "2023.09.12"]
[Round "4"]
[White "Abund"]
[Black "FoxOnTheRun97"]
[Result "0-1"]
[WhiteElo "2737"]
[BlackElo "2560"]
[TimeControl "180+1"]
[EndTime "8:39:15 PDT"]
[Termination "FoxOnTheRun97 won on time"]

1. e4 c6 2. d4 d5 3. exd5 cxd5 4. Bd3 Nc6 5. c3 g6 6. h3 Bf5 7. Nf3 Nf6 8. O-O Bg7 9. Re1 O-O 10. Bf1 a6 11.
Bf4 b5 12. Nbd2 Na5 13. a4 Nc4 14. Qb3 Qd7 15. Ne5 Nxe5 16. dxe5 bxa4 17. Qxa4 Nh5 18.
Bh2 Rfb8 19. b4 Bh6 20. Nf3 Qxa4 21. Rxa4 e6 22. Rea1 Be4 23. Nd4 Bd2 24. R4a3 Rc8 25. Nb5 d4 26. cxd4 axb5 27. Rxa8 Rxa8 28. Rd1 Bxb4 29.
Bxb5 Bd5 30. g4 Ng7 31. Bf4 h5 32. Rc1 hxg4 33. hxg4 Bf3 34. Bc6 Bxc6 35. Rxc6 Rd8 36. Be3 Ne8 37. Kg2 Kf8 38. Rb6 Be7 39. Rb7 g5 40. Kf3 Rc8 41. Ke4 Nc7 42. Rb1 Nd5 43. Rh1 Kg7 44. Ra1 Nxe3 45. fxe3 Rc2 46. Ra7 Bb4 47. Rb7 Bd2 48. Kd3 Ra2 49. d5 exd5 50. e6 Bc1 51. Rxf7+ Kg6 52. Rf5 Ra3+ 53. Kd4 Rxe3 54.
Kxd5 Bb2 55. Kd6 Bf6 56. Kd7 Re4 57. Rf3 Rd4+ 58. Ke8 Rxg4 0-1

[Event "Early-Titled-Tuesday-Blitz-September-12-2023"]
[Site "Chess.com"]
[Date "2023.09.12"]
[Round "4"]
[White "Tssunami"]
[Black "zano2023"]
[Result "1-0"]
[WhiteElo "2448"]
[BlackElo "2081"]
[TimeControl "180+1"]
[EndTime "8:39:16 PDT"]
[Termination "Tssunami won by resignation"]

1. e4 e5 2. Nf3 d6 3. Bc4 Be7 4. Nc3 Nf6 5. d4 exd4 6. Nxd4 O-O 7. Be3 c6 8. Bb3 b5 9. a3 a6 10. Qd2 c5 11. Nf3 c4 12. Ba2 Nc6 13. O-O Bb7 14. Rfe1 Ne5 15. Nxe5 dxe5 16. Qxd8 Rfxd8 17. Bg5 h6 18. Bh4 Rd2 19. Rac1 Rad8 20. Kf1 Bc6 21. f3 a5 22. Nb1 R2d7 23. Bf2 Rb7 24. Red1 Rxd1+ 25. Rxd1 Kf8 26. Ke2 Nd7 27. Nd2 Bc5 28. Nf1 Bxf2 29. Kxf2 Ke7 30. Ne3 g6 31. a4 Nb6 32. axb5 Bxb5 33.
Ke1 Rc7 34. Nd5+ Nxd5 35. Rxd5 Rb7 36. Rxe5+ Kf6 37. Rc5 Bd7 38. Rxa5 Rxb2 39. Kd2 Be6 40. Kc3 Rb8 41. Ra6 Rc8 42. f4 h5 43. Ra5 Rc7 44. g3 Rc6 45. Ra4 Rc8 46. Bxc4 h4 47. Kd3 Bxc4+ 48.
Rxc4 Rd8+ 49. Ke2 Re8 50. gxh4 Rh8 51. Kf3 Rxh4 52. Kg3 Rh5 53. Rc6+ Kg7 54. e5 Rh8 55. c4 Rd8 56. Rc7 Kf8 57. h3 Rd3+ 58. Kg4 Rd1 59. c5 Rg1+ 60. Kf3 Rh1 61. Kg2 Re1 62. c6 Rc1 63. Kg3 Rc3+ 64. Kg4 Rc4 65. Kg5 Rc3 66. Kf6 Kg8 67. Rc8+ Kh7 68. c7 1-0

[Event "Early-Titled-Tuesday-Blitz-September-12-2023"]
[Site "Chess.com"]
[Date "2023.09.12"]
[Round "4"]
[White "GMBenjaminBok"]
[Black "bascheyaro"]
[Result "1/2-1/2"]
[WhiteElo "2986"]
[BlackElo "2824"]
[TimeControl "180+1"]
[EndTime "8:39:17 PDT"]
[Termination "Game drawn - insufficient material"]

1. d4 d5 2. c4 c6 3. cxd5 cxd5 4. Nf3 Nf6 5. Nc3 Nc6 6. Bf4 e6 7. e3 Bd6 8. Bg3 O-O 9. Bd3 a6 10. Rc1 h6 11. O-O Bxg3 12. hxg3 Bd7 13. Ne5 Rc8 14. Qb3 b5 15. Ne2 Nxe5 16. dxe5 Ng4 17. Rxc8 Qxc8 18.
Rc1 Qb8 19. f4 Qb6 20. Nd4 Nxe3 21. Bh7+ Kxh7 22. Qxe3 Rc8 23. Rxc8 Bxc8 24. Kf2 Qc5 25. Qc3 Qc4 26. Ke3 g5 27. Kd2 b4 28. Qd3+ Kg7 29. b3 Qc5 30. Qe3 Qa5 31. fxg5 Qxa2+ 32. Nc2 h5 33. Qc5 Bd7 34. Qxb4 Qb2 35. Qf4 Bb5 36. Qf6+ Kg8 37. g6 fxg6 38. Qxg6+ Kh8 39. Qxh5+ Kg7 40. Qg5+ Kh7 41. Qe7+ Kh8 42. Qf6+ Kh7 43. Qxe6 Qxb3 44. Qf7+ Kh8 45. Qf6+ Kh7 46. e6 Qd3+ 47. Kc1 Qf1+ 48. Qxf1 Bxf1 49. e7 Bb5 50. Ne3 Kg6 51. Nxd5 Kf7 52. Kd2 Bc6 53. Nf4 Kxe7 54. Kc3 a5 55. Kb3 Kf6 56. Ka3 Kf5 57. Nd3 Bb5 58. Nc5 Kg4 59. Nb3 Kxg3 60. Nxa5 Ba4 61. Kxa4 Kxg2 1/2-1/2

[Event "Early-Titled-Tuesday-Blitz-September-12-2023"]
[Site "Chess.com"]
[Date "2023.09.12"]
[Round "4"]
[White "Aash20"]
[Black "carokannlover213"]
[Result "0-1"]
[WhiteElo "2529"]
[BlackElo "2726"]
[TimeControl "180+1"]
[EndTime "8:39:18 PDT"]
[Termination "carokannlover213 won by checkmate"]

1. e4 g6 2. d4 Bg7 3. Nf3 c6 4. Nc3 d5 5. h3 dxe4 6. Nxe4 Nf6 7. Bd3 O-O 8. O-O Nxe4 9. Bxe4 Nd7 10. c3 c5 11.
dxc5 Nxc5 12. Bc2 Be6 13. Be3 Rc8 14. Nd4 Bc4 15. Re1 e5 16. Nb3 b6 17. Nxc5 bxc5 18.
Qg4 Be6 19. Qa4 Qb6 20. Qa3 Rfd8 21. Rad1 Bf8 22. Rxd8 Rxd8 23. Bg5 Rb8 24. b3 Bd6 25. Bf6 Qc7 26. c4 Re8 27. Qb2 Bd7 28. Be4 Re6 29. Bg5 Kg7 30. Bd5 Re8 31. Qd2 f6 32. Bh6+ Kh8 33. Rd1 Bf5 34. Be3 Be7 35. Qb2 Rd8 36. Qa3 Bc2 37. Rd2 Bb1 38. Qa6 Rd6 39. Qb5 Rd8 40. Qa4 Kg7 41. Qa6 Qb6 42. Qa3 Bf5 43. Qb2 Bc8 44. f4 Bd6 45. Rf2 Qc7 46. fxe5 Bxe5 47. Qd2 Be6 48. Bh6+ Kh8 49. Re2 Bxd5 50. cxd5 Kg8 51. Qd3 Qd6 52. Qc4 Kf7 53. Rd2 Bd4+ 54.
Kh1 Qxd5 55. Qa6 Qe6 56. Qxa7+ Rd7 57. Qa5 Qe1+ 58. Kh2 Bg1+ 59. Kh1 Bf2+ 60. Kh2 Bg3# 0-1

[Event "Early-Titled-Tuesday-Blitz-September-12-2023"]
[Site "Chess.com"]
[Date "2023.09.12"]
[Round "4"]
[White "CrushingKings"]
[Black "Jenia84"]
[Result "1/2-1/2"]
[WhiteElo "2533"]
[BlackElo "2377"]
[TimeControl "180+1"]
[EndTime "8:39:19 PDT"]
[Termination "Game drawn by stalemate"]

1. Nf3 Nf6 2. g3 d5 3. Bg2 c6 4.
O-O Bg4 5. h3 Bxf3 6. Bxf3 Nbd7 7. d4 e5 8. dxe5 Nxe5 9. Bg2 Bd6 10. b3 O-O 11. Bb2 Qe7 12. Nd2 Rfe8 13. e3 Rad8 14. Qe2 Ba3 15. Bxa3 Qxa3 16. c4 dxc4 17. Nxc4 Nxc4 18. Qxc4 Nd5 19. Rfd1 Nb6 20. Qc2 Qe7 21. a4 Rxd1+ 22. Rxd1 Rd8 23. a5 Rxd1+ 24. Qxd1 Qd7 25. Qxd7 Nxd7 26. a6 bxa6 27. Bxc6 Nc5 28. Bd5 a5 29.
Kf1 Kf8 30. Ke2 Ke7 31. Kd2 f6 32. Kc3 Kd6 33. e4 h6 34. Kc4 a4 35. b4 Nd7 36.
Kb5 Nb6 37. Bg8 Ke5 38. f3 Kd4 39. Ka6 Nc4 40. Kb5 Nb2 41. Ka5 a3 42. Ba2 Nd3 43.
b5 Nc1 44. Bd5 a2 45. Bxa2 Nxa2 46. Ka6 Kc5 47. Kxa7 Kxb5 48. Kb7 Nb4 49. Kc7 Nc2 50. Kd6 Nd4 51. Ke7 Nxf3 52. Kf7 Ng5+ 53. Kxg7 Nxe4 54. Kxh6 Nxg3 55. Kg6 f5 56. Kg5 Kc5 57. Kf4 Kd4 58. Kxg3 Ke3 59. Kg2 Ke2 60. Kg3 Ke3 61. Kg2 f4 62.
Kf1 Kf3 63. h4 Kg4 64. Kf2 Kxh4 65. Kf3 Kg5 66. Kf2 Kg4 67. Kg2 f3+ 68. Kf2 Kf4 69. Kf1 Ke3 70. Ke1 f2+ 71. Kf1 Kf3 1/2-1/2

[Event "Early-Titled-Tuesday-Blitz-September-12-2023"]
[Site "Chess.com"]
[Date "2023.09.12"]
[Round "4"]
[White "JimDiGrease"]
[Black "PapiPapita"]
[Result "1-0"]
[WhiteElo "2858"]
[BlackElo "2572"]
[TimeControl "180+1"]
[EndTime "8:39:20 PDT"]
[Termination "JimDiGrease won by resignation"]

1. d4 Nf6 2. c4 e6 3. Bf4 b6 4. Nc3 Bb7 5. e3 Bb4 6. Ne2 O-O 7. a3 Be7 8. d5 Nh5 9. Bg3 Nxg3 10. hxg3 e5 11. g4 g6 12. Ng3 a5 13. Qf3 Na6 14.
Nge4 f6 15. Bd3 d6 16. O-O-O Rf7 17. Bc2 Bc8 18. Rh2 Bd7 19. Qg3 Rg7 20. f4 Qc8 21.
g5 fxg5 22. fxe5 dxe5 23. Qxe5 g4 24. Rdh1 Bf5 25. Nb5 Qd7 26. Nd4 Re8 27. Ne6 Bd8 28. Qxg7+ Qxg7 29. Nxg7 Rxe4 30. Bxe4 Bxe4 31. Ne6 Bf6 32.
Rxh7 Bxg2 33. R1h6 Be4 34. Rd7 g3 35. Rh3 g2 36. Rg3 Be5 37. Rg4 Bf5 38. Rxg2 Nc5 39. Rd8+ Kf7 40. Nxc5 bxc5 41. b3 Be4 42. Rf2+ Ke7 43.
Ra8 Bg3 44. Rf1 Bd3 45. Rg1 Bf2 46. Rg2 Bxe3+ 47. Kd1 g5 48. Rxa5 Kd6 49. Ra6+ Ke5 50. Re6+ Kd4 51. Rxe3 Kxe3 52. Rxg5 Be2+ 53. Kc2 Bd3+ 54.
Kc3 Be4 55. Rg3+ Kf4 56. Rg1 c6 57. dxc6 Bxc6 58. a4 Ke5 59. a5 Bb7 60. Rg6 Ba6 61. Rxa6 1-0

[Event "Early-Titled-Tuesday-Blitz-September-12-2023"]
[Site "Chess.com"]
[Date "2023.09.12"]
[Round "4"]
[White "MrTattaglia"]
[Black "enestnrvrd"]
[Result "0-1"]
[WhiteElo "2913"]
[BlackElo "2733"]
[TimeControl "180+1"]
[EndTime "8:39:23 PDT"]
[Termination "enestnrvrd won on time"]

1. d4 Nf6 2. c4 g6 3. Nc3 Bg7 4. g3 O-O 5. Bg2 d6 6. Nf3 Nc6 7. b3 Bf5 8. Bb2 Ne4 9. Nxe4 Bxe4 10. O-O e6 11. Re1 d5 12. Rc1 a5 13. e3 Qe7 14. Bf1 g5 15. Nd2 Bg6 16. Bg2 Nb4 17. Ba3 c6 18. Nb1 Rfd8 19. Nc3 Qf6 20. cxd5 exd5 21.
Re2 Bh5 22. Bb2 Bxe2 23. Qxe2 Re8 24. a3 Na6 25. Na4 Qg6 26. Qd2 Nc7 27. Nb6 Ra6 28. Nd7 Ne6 29. Ne5 Bxe5 30. dxe5 Raa8 31. f4 d4 32. exd4 gxf4 33. gxf4 Kh8 34. Rf1 Qf5 35.
Kh1 Rg8 36. Qe2 Rxg2 37. Qxg2 Rg8 38. Qf3 Qc2 39. Ba1 Qf5 40. h3 h6 41. Bc3 Kh7 42.
Bxa5 Nxf4 43. d5 cxd5 44. Bd2 Qxh3+ 45. Qxh3 Nxh3 46. Rxf7+ Rg7 47. Rf3 Ng5 48. Rd3 Ne4 49. Rxd5 Nf2+ 50. Kh2 Ng4+ 51. Kh1 Nf2+ 52. Kh2 Ne4 53.
Bf4 Rg4 54. Be3 Rg3 55. Bf4 Rxb3 56. Bc1 Rc3 57. e6 Rc2+ 58. Kg1 Nf6 59. Bd2 Rb2 60. Rd6 Rb1+ 61. Kg2 Kg6 62. e7 Rb2 63. Rxf6+ Kxf6 64. e8=Q Rxd2+ 65. Kf3 Rd5 66. Ke3 Re5+ 67. Qxe5+ Kxe5 0-1